 Dungeon Crawl Stone Soup version 0.30.0 (webtiles) character file.

Game seed: 13086920370531673091

25 Dani the Chopper (level 2, -3/24 HPs)
             Began as a Demonspawn Fighter on May 21, 2023.
             Slain by a gnoll
             ... wielding a +0 spear
              (5 damage)
             ... on level 2 of the Dungeon.
             The game lasted 00:01:22 (588 turns).

Dani the Chopper (Demonspawn Fighter)                Turns: 588, Time: 00:01:23

Health: -3/24      AC:  6    Str: 16    XL:     2   Next: 86%
Magic:  2/2        EV:  8    Int:  9    God:
Gold:   50         SH:  4    Dex: 12    Spells: 1/1 levels left

rFire   . . .        a - +1 war axe
rCold   . . .        c - +0 buckler
rNeg    . . .        b - +0 scale mail
rPois   .            (no helmet)
rElec   .            (no cloak)
rCorr   .            (no gloves)
SInv    .            (no boots)
Will    .....        (no amulet) Stlth
                     (no ring)
HPRegen 0.24/turn    (no ring)
MPRegen 0.08/turn

%: no passive effects
@: no status effects
A: ignite blood 1
a: no special abilities


You were on level 2 of the Dungeon.
You visited 1 branch of the dungeon, and saw 2 of its levels.

You collected 50 gold pieces.

Inventory:

Hand Weapons
 a - a +1 war axe (weapon)
Armour
 b - a +0 scale mail (worn)
 c - a +0 buckler (worn)
Scrolls
 R - a scroll of identify {@r1}
Potions
 d - a potion of might
 e - a potion of heal wounds
 f - a potion of flight {unknown}
 h - a potion of resistance {unknown}


   Skills:
 - Level 3.0 Fighting
 + Level 3.1 Axes
 - Level 2.6 Armour
 - Level 2.6 Shields


You had one spell level left.
You didn't know any spells.
Your spell library was empty.

Dungeon Overview and Level Annotations

Branches:
Dungeon (2/15)

Altars:


Innate Abilities, Weirdness & Mutations

Your demonic aura sometimes causes spilled blood to erupt in flames.


Message History

No target in view!
Key pressed, stopping explore.
No target in view!
Key pressed, stopping explore.
Key pressed, stopping explore.
No target in view!
No target in view!
No target in view!
Key pressed, stopping explore.
Key pressed, stopping explore.
No target in view!
Key pressed, stopping explore.
No target in view!
Key pressed, stopping explore.
No target in view!
Key pressed, stopping explore.
No target in view!
You see here a +0 club.
Key pressed, stopping explore.
No target in view!
Key pressed, stopping explore.
Key pressed, stopping explore.
Things that are here:
a +0 whip; 3 stones Key pressed, stopping explore.
No target in view!
You see here a +0 short sword.
You see here a +0 whip.
Done exploring.
No target in view!
Done exploring.
No target in view!
Done exploring.
No target in view!
Done exploring.
Done exploring.
You see here a frilled lizard skeleton.
There is a stone staircase leading down here.
You climb downwards.
There is a stone staircase leading up here.
There is a stone staircase leading up here.
Key pressed, stopping explore.
Key pressed, stopping explore.
No target in view!
You now have 50 gold pieces (gained 10).
A rat comes into view.
The rat moves out of view.
No target in view!
A bat comes into view.
The bat moves out of view.
A rat is nearby!
Found a sling.
You block the bat's attack. The bat hits you. The bat barely misses you.
There are monsters nearby!
You miss the bat. The bat closely misses you.
There are monsters nearby!
You slash the rat!
You kill the rat!
You block the bat's attack.
A bat is nearby!
The bat hits you but does no damage. The bat closely misses you.
A bat is nearby!
You slash the bat!
You kill the bat!
Key pressed, stopping explore.
No target in view!
Key pressed, stopping explore.
No target in view!
Key pressed, stopping explore.
No target in view!
A kobold comes into view. It is wielding a +0 dagger.
The kobold shouts!
You hear a shout!
A gnoll comes into view. It is wielding a +0 spear.
The gnoll shouts!
A gnoll comes into view. It is wielding a +0 halberd.
The kobold throws a stone.
The stone hits you but does no damage.
There are monsters nearby!
A gnoll comes into view. It is wielding a +0 spear.
The gnoll shouts!
The kobold throws a stone.
The stone hits you but does no damage.
There are monsters nearby!
There are monsters nearby!
You barely miss the gnoll. The gnoll hits you with a +0 spear.
There are monsters nearby!
You barely miss the gnoll.
The gnoll hits you from afar with a +0 halberd!
* * * LOW HITPOINT WARNING * * *
The gnoll hits you with a +0 spear.
* * * LOW HITPOINT WARNING * * *
The kobold hits you with a +0 dagger.
* * * LOW HITPOINT WARNING * * *
The gnoll hits you with a +0 spear.
* * * LOW HITPOINT WARNING * * *
You are too injured to fight recklessly!
There are monsters nearby!
There are monsters nearby!
You are too injured to fight recklessly!
The kobold attacks as you move away! The kobold hits you but does no damage.
The gnoll hits you with a +0 spear.
You die...

.. ......######## #.#
#............. #.#
#.##.#.###.##.
##.###.#......#....
#...##.#.....P#....
#...#..+.....P#....
#.......P..)..#....
#####...##.P..†..P#....
.#.....@###.#......#....
......g○# #.P##.####....
.#....K.# #..........##.
#####.gg ####.#.....##.
#.... #...........
#...#...####...###.
#...#### #....... .#.##
###.#.## ...# #.....


You could see 3 gnolls and a kobold.

Vanquished Creatures
  4 ball pythons (D:1)
  4 goblins (D:1)
  A hobgoblin (D:1)
  3 jackals (D:1)
  3 bats
  2 frilled lizards (D:1)
  6 kobolds (D:1)
  2 rats
25 creatures vanquished.

Notes
Turn   | Place    | Note
-------+----------+-------------------------------------------
     0 | D:1      | Dani the Demonspawn Fighter began the quest for the Orb.
     0 | D:1      | Reached XP level 1. HP: 18/18 MP: 1/1
    54 | D:1      | Reached skill level 2 in Axes
   102 | D:1      | Gained mutation: Your demonic aura sometimes causes spilled
                  | blood to erupt in flames. [demonic ancestry]
   102 | D:1      | Reached XP level 2. HP: 21/24 MP: 2/2
   236 | D:1      | Reached skill level 3 in Axes
   587 | D:2      | HP: 6/24 [kobold/+0 dagger (2)]
   587 | D:2      | HP: 2/24 [gnoll/+0 spear (4)]
   588 | D:2      | Slain by a gnoll

Illustrated notes

Levels and vault maps discovered:
D:1:      dpeg_arrival_tiny_a, layout_rooms
D:2:      cheibrodos_old_hovel, layout_loops_cross

Skill      XL: |  1  2 |
---------------+-------+-----
Axes           | 2 3 |  3.1
Fighting       | |  3.0
Armour         | |  2.6
Shields        | |  2.6

Action                     || total
---------------------------++-------
  Melee: War axe           ||    48
    Use: Scroll            ||     2
 Armour: Scale mail        ||    29
  Dodge: Dodged            ||    29
  Block: Buckler           ||    14

Levels and vault maps discovered:
D:1:      dpeg_arrival_tiny_a, layout_rooms
D:2:      cheibrodos_old_hovel, layout_loops_cross

Table legend: (Time is in decaauts)
 A = Elapsed time spent in this place.
 B = Non-inter-level travel time spent in this place.
 C = Inter-level travel time spent in this place.
 D = Time resting spent in this place.
 E = Time spent auto-exploring this place.
 F = Levels seen in this place.
 G = Mean time per level.
                   A        B        C        D        E       F      G
               +--------+--------+--------+--------+--------+-----+--------+
         Total |    608 |    578 |     30 |      0 |    448 |   2 |  304.0 |
       Dungeon |    608 |    578 |     30 |      0 |    448 |   2 |  304.0 |
               +--------+--------+--------+--------+--------+-----+--------+

Top non-repeatable levels by time:
     D:1: 566 daAuts
     D:2: 41 daAuts

Table legend:
 A = Kills in this place as a percentage of kills in the entire game.
 B = Kills by you in this place as a percentage of kills by you in the entire game.
 C = Kills by friends in this place as a percentage of kills by friends in the entire game.
 D = Other kills in this place as a percentage of other kills in the entire game.
 E = Experience gained in this place as a percentage of experience gained in the entire game.
 F = Experience gained in this place divided by the number of levels of this place that you have seen.
                   A       B       C       D       E      F
               +-------+-------+-------+-------+-------+----------------------
         Total | 100.0 | 100.0 |   N/A |   N/A | 100.0 |  18.5
       Dungeon | 100.0 | 100.0 |   N/A |   N/A | 100.0 |  18.5
               +-------+-------+-------+-------+-------+----------------------
